Map: Inside and Out

Players

Magikarp

  • Race: Protoss Protoss
  • Spawn Location: 7:00

MindGrapes - Winner!

  • Race: Zerg Zerg
  • League: Master
  • Spawn Location: 1:00

VOD

Have the link to the VOD?

Description

Time

  • Played on: Jan. 6, 2023, 8:37 p.m.
  • Length: 8:54
Show
View Real Time Build Order
Export as new Build Order

Magikarp Protoss 

Build Orders: 1 Gate Expand, Oracle Opening 

Get SALT Encoding   

  12  0:00  Probe  
  13  0:12  Probe  
  14  0:19  Pylon  
  14  0:25  Probe  
  15  0:37  Probe (Chrono Boost)  
  16  0:44  Gateway  
  16  0:47  Probe (Chrono Boost)  
  17  0:52  Probe  
  17  0:55  Assimilator  
  18  1:04  Probe  
  19  1:16  Probe  
  20  1:36  Nexus  
  20  1:41  Cybernetics Core  
  20  1:45  Probe (Chrono Boost)  
  21  1:52  Assimilator  
  21  1:54  Pylon  
  21  1:56  Probe (Chrono Boost)  
  22  2:01  Probe (Chrono Boost)  
  23  2:13  Probe  
  24  2:16  Adept (Chrono Boost)  
  26  2:25  Probe  
  27  2:37  Probe  
  27  2:38  Stargate  
  30  2:45  Stalker  
  30  2:50  Probe x2  
  32  2:52  Warp Gate  
  32  3:04  Probe x2  
  34  3:16  Probe x2  
  36  3:22  Oracle (Chrono Boost)  
  37  3:28  Probe x2  
  37  3:29  Adept  
  37  3:32  Pylon  
  41  3:35  Gateway  
  41  3:40  Probe x2  
  43  3:50  Oracle (Chrono Boost)  
  43  3:52  Probe x2  
  48  4:06  Probe x2  
  48  4:08  Nexus  
  49  4:18  Probe x2  
  51  4:30  Probe x2  
  53  4:31  Pylon  
  53  4:36  Twilight Council  
  53  4:39  Forge  
  53  4:40  Pylon  
  53  4:44  Probe  
  54  4:49  Gateway, Probe  
  54  4:51  Gateway  
  54  4:52  Adept  
  57  4:53  Adept  
  57  4:58  Shield Battery  
  59  5:00  Assimilator  
  59  5:04  Probe x2  
  61  5:08  Robotics Facility  
  61  5:11  Assimilator  
  61  5:16  Protoss Ground Weapons Level 1 (Chrono Boost), Probe x2 (Chrono Boost)  
  63  5:27  Probe (Chrono Boost)  
  66  5:28  Probe (Chrono Boost)  
  66  5:29  Probe (Chrono Boost)  
  66  5:30  Pylon  
  66  5:32  Blink (Chrono Boost), Probe (Chrono Boost)  
  66  5:34  Pylon, Probe  
  67  5:36  Probe  
  67  5:38  Stalker x2  
  74  5:42  Probe  
  74  5:46  Probe  
  74  5:48  Probe  
  76  5:55  Probe  
  77  5:58  Probe  
  79  6:04  Stalker x4  
  79  6:07  Probe  
  79  6:08  Warp Prism  
  79  6:10  Probe  
  91  6:17  Pylon  
  90  6:20  Gateway  
  90  6:22  Gateway x2  
  90  6:26  Gateway  
  90  6:29  Sentry x2  
  90  6:30  Stalker x2  
  98  6:45  Gateway x2  
  98  6:49  Gateway  
  98  6:50  Shield Battery  
  98  7:00  Stalker  
  98  7:01  Adept  
  102  7:11  Stalker x2  
  102  7:14  Pylon  
  106  7:15  Pylon  
  106  7:17  Pylon  
  106  7:19  Pylon  
  106  7:20  Pylon x2  
  106  7:32  Probe x2  
  99  7:39  Zealot x8  
  99  7:40  Zealot  
  99  7:43  Cybernetics Core  
  99  7:44  Probe  
  101  7:56  Probe  
  89  8:29  Nexus  
Show
View Real Time Build Order
Export as new Build Order

MindGrapes Zerg - Winner!

Build Orders: Hatch First 

Get SALT Encoding   

  12  0:00  Drone  
  13  0:14  Overlord  
  13  0:19  Drone  
  14  0:33  Drone x2  
  16  0:44  Drone  
  17  0:53  Hatchery  
  16  0:58  Drone  
  16  0:59  Drone  
  18  1:12  Extractor  
  18  1:17  Spawning Pool  
  16  1:18  Drone  
  16  1:21  Drone  
  18  1:30  Drone  
  19  1:44  Drone  
  20  1:52  Drone  
  21  2:04  Drone  
  21  2:05  Queen x2  
  21  2:06  Overlord  
  26  2:16  Metabolic Boost  
  26  2:17  Zergling x2  
  26  2:18  Zergling x2  
  28  2:31  Hatchery  
  27  2:38  Drone x3  
  30  2:46  Queen  
  32  2:53  Overlord  
  32  2:58  Drone x2  
  34  3:02  Drone  
  34  3:03  Drone  
  33  3:20  Drone x6  
  38  3:32  Evolution Chamber  
  37  3:36  Spore Crawler  
  37  3:38  Spore Crawler  
  35  3:41  Drone x2  
  35  3:43  Drone  
  35  3:44  Drone  
  39  3:52  Queen  
  39  3:54  Spore Crawler  
  40  3:57  Drone x2  
  42  4:03  Zerg Melee Weapons Level 1  
  42  4:05  Drone x2  
  42  4:06  Drone  
  45  4:15  Drone  
  45  4:16  Drone x4  
  49  4:17  Drone  
  49  4:30  Drone  
  50  4:31  Overlord x3  
  50  4:35  Extractor  
  49  4:46  Drone  
  50  4:59  Drone x2  
  52  5:00  Drone x10  
  52  5:01  Drone x3  
  65  5:09  Baneling Nest  
  64  5:17  Drone x5  
  64  5:20  Hatchery  
  68  5:27  Drone x2  
  70  5:28  Drone  
  70  5:34  Zergling x4  
  70  5:35  Zergling x2  
  74  5:36  Overlord x4  
  74  5:37  Overlord  
  74  5:54  Queen x3  
  77  5:59  Zergling x2  
  77  6:00  Zergling x22  
  87  6:11  Zergling x12  
  93  6:20  Overlord  
  93  6:21  Zergling x4  
  95  6:27  Zergling x2  
  95  6:28  Zergling x6  
  99  6:36  Zergling x2  
  99  6:37  Zergling x6  
  102  6:43  Zergling x2  
  103  6:48  Hatchery  
  103  6:49  Roach Warren, Zergling x2  
  103  6:50  Zergling x10  
  103  6:53  Baneling x8  
  103  6:54  Baneling x18  
  107  6:55  Baneling  
  107  6:57  Zergling x2  
  107  6:58  Zergling x10  
  108  7:08  Zergling x2  
  108  7:09  Zergling x14  
  110  7:18  Zergling x14  
  114  7:27  Zergling x10  
  114  7:35  Zergling x14  
  116  7:42  Zergling x2  
  116  7:43  Zergling x4  
  112  7:51  Zergling x10  
  112  7:52  Zergling x2  
  96  8:10  Extractor  
  95  8:13  Extractor  
  95  8:14  Roach x4  
  95  8:15  Roach x6, Extractor  
  123  8:25  Baneling x9  
  123  8:27  Zergling x6  
  123  8:29  Overlord  
  123  8:30  Overlord  
Tags
 
Add a new tag
Caveats
  • Supply blocks, unpowered buildings, or Contaminate may cause inaccurate times.
  • Supply counts are checked every 10 seconds.